Map: Cactus Valley LE (Void)

Players

Cereal - Winner!

  • Race: Zerg Zerg

BadWolf

  • Race: Zerg Zerg

VOD

Have the link to the VOD?

Description

Time

  • Played on: May 1, 2015, 7:24 p.m.
  • Length: 7:35
Show
View Real Time Build Order
Export as new Build Order

Cereal Zerg - Winner!

Build Orders: Hatch First 

Get SALT Encoding   

  12  0:01  Drone  
  13  0:30  Hatchery  
  13  0:34  Drone  
  13  0:43  Drone  
  14  0:51  Extractor  
  14  0:52  Drone  
  14  1:05  Spawning Pool  
  14  1:08  Drone  
  14  1:16  Overlord  
  14  1:37  Drone x3  
  17  1:44  Drone  
  18  1:52  Drone  
  19  1:54  Queen  
  19  2:00  Metabolic Boost  
  21  2:05  Drone  
  22  2:08  Drone  
  22  2:11  Drone  
  24  2:20  Overlord  
  24  2:27  Baneling Nest  
  23  2:34  Queen  
  25  2:37  Drone  
  26  2:46  Zergling x2  
  26  2:47  Zergling x2  
  26  2:49  Drone x2  
  30  2:52  Drone  
  30  2:55  Drone  
  32  2:58  Drone  
  31  3:16  Baneling  
  31  3:17  Drone x5, Baneling  
  36  3:25  Lair  
  36  3:28  Overlord  
  36  3:36  Extractor  
  34  3:42  Zergling x2  
  34  3:43  Zergling x2  
  34  3:45  Overlord x2  
  36  3:50  Drone  
  36  3:51  Drone x3  
  36  3:53  Extractor  
  36  3:55  Extractor  
  38  3:56  Drone  
  38  3:58  Drone  
  38  3:59  Drone  
  41  4:05  Drone  
  41  4:06  Drone  
  43  4:13  Drone x3  
  43  4:16  Drone  
  46  4:28  Spire  
  46  4:30  Drone x2  
  47  4:31  Drone  
  47  4:34  Drone  
  47  4:37  Overlord  
  49  4:52  Drone  
  50  4:53  Zergling x2  
  50  4:55  Zergling x2  
  50  4:56  Hatchery  
  50  4:57  Zergling x2  
  52  5:02  Zergling x6  
  52  5:05  Zergling x2  
  52  5:06  Zergling x2  
  57  5:09  Zergling x4  
  57  5:12  Overlord  
  59  5:15  Zergling x2  
  59  5:19  Zergling x6  
  63  5:24  Zergling x2  
  63  5:25  Zergling x4  
  66  5:34  Zergling x2  
  66  5:35  Zergling x8  
  71  5:42  Overlord  
  68  5:53  Overlord x2  
  67  6:00  Mutalisk x4  
  75  6:07  Overlord x3  
  73  6:15  Mutalisk  
  73  6:16  Roach Warren  
  69  6:20  Mutalisk  
  68  6:25  Mutalisk  
  68  6:28  Mutalisk  
  72  6:33  Baneling x3  
  72  6:34  Baneling x2  
  72  6:36  Mutalisk  
  74  6:47  Zergling x12  
  77  7:04  Zergling x20  
  81  7:19  Drone  
Show
View Real Time Build Order
Export as new Build Order

BadWolf Zerg 

Build Orders: Hatch First 

Get SALT Encoding   

  12  0:01  Drone  
  13  0:09  Drone  
  14  0:17  Overlord  
  14  0:23  Drone, Extractor  
  16  0:35  Drone  
  16  0:36  Drone  
  17  0:53  Hatchery  
  17  0:56  Drone  
  17  1:01  Drone, Extractor  
  17  1:18  Drone  
  17  1:19  Spawning Pool  
  17  1:21  Drone  
  18  1:31  Drone  
  19  1:40  Overlord  
  19  1:52  Drone  
  20  2:08  Queen  
  20  2:09  Queen  
  20  2:11  Roach Warren  
  20  2:12  Zergling x2  
  20  2:13  Zergling x2  
  25  2:16  Zergling x2  
  26  2:24  Drone x2  
  26  2:29  Drone  
  29  2:32  Drone  
  30  2:41  Overlord  
  30  2:43  Drone  
  31  2:50  Roach  
  33  2:53  Roach  
  35  3:15  Roach x2  
  35  3:16  Roach x2  
  42  3:20  Overlord x2  
  41  3:43  Drone x7  
  47  3:50  Drone x4  
  47  3:53  Extractor  
  47  3:54  Drone x3  
  53  3:59  Drone, Overlord  
  54  4:06  Roach x2  
  58  4:10  Ravager x2  
  58  4:14  Overlord  
  60  4:21  Roach x2  
  64  4:26  Roach x2  
  68  4:33  Ravager  
  68  4:38  Overlord  
  69  4:41  Extractor  
  69  4:42  Roach x2  
  69  4:43  Extractor  
  71  4:48  Drone x5  
  71  4:52  Overlord  
  76  4:58  Ravager  
  78  5:00  Drone x2  
  78  5:02  Drone  
  80  5:09  Roach x2  
  84  5:15  Drone x2, Overlord x2  
  86  5:21  Evolution Chamber  
  86  5:22  Evolution Chamber  
  86  5:23  Spine Crawler  
  83  5:49  Roach x12  
  100  6:07  Roach x3  
  101  6:28  Drone  
  101  6:29  Drone x3  
  105  6:35  Spine Crawler  
  105  6:36  Hatchery  
  103  6:45  Drone  
  103  6:46  Drone x3  
Tags
 
Add a new tag
Caveats
  • Supply blocks, unpowered buildings, or Contaminate may cause inaccurate times.
  • Supply counts are checked every 10 seconds.